Avalanche vs Oilers

Created - October 17 2007 at 19:05

Goals
1 2 3 T
Avalanche 3 1 0 4
Oilers 0 0 1 1
Shots
1 2 3 T
Avalanche 15 10 3 28
Oilers 6 11 12 29

Period #1

1. Avalanche , Mike Modano 2 (Marek Svatos, Keith Ballard) at 8:04 (PP)
2. Avalanche , Martin Rucinsky 3 (Derek Armstrong) at 12:07
3. Avalanche , Mike Modano 3 (Kurt Sauer, Kevin Klein) at 17:09

Penalities :
Radek Dvorak (EDM) for Roughing (Minor) at 6:21, Daniel Alfredsson (EDM) for Hooking (Minor) at 9:15, Mike York (COL) for Tripping (Minor) at 18:01, Kurt Sauer (COL) for Holding (Minor) at 19:14

Period #2

4. Avalanche , Brett Mclean 1 (Tyler Arnason, Ken Klee) at 12:01

Penalities :
Ryan Johnson (EDM) for Tripping (Minor) at 4:22, Martin Rucinsky (COL) for Goalie Interference (Minor) at 8:31, Jarret Stoll (EDM) for Holding (Minor) at 16:53

Period #3

5. Oilers , Ryan Smyth 4 (Jaroslav Spacek, Petr Sykora) at 9:53 (PP)

Penalities :
Kevin Klein (COL) for Hooking (Minor) at 5:32, Gary Roberts (COL) for Interference (Minor) at 9:25, Joffrey Lupul (COL) for Hooking (Minor) at 18:26

Goalie Stats

Martin Biron (COL), 28 saves from 29 shots - (0.966), W, 1-2-0, 60:00 minutes
Dwayne Roloson (EDM), 24 saves from 28 shots - (0.857), L, 3-4-0, 60:00 minutes

Players Stats

Avalanche
Player Name              G  A  P  +/- PIM S  H  SB FO MP 
-----------------------------------------------------------
Brandon Bochenski        0  0  0   1  0   2  1  0  1  17 
Brett Lebda              0  0  0   1  0   0  0  1  0  18 
Brett Mclean             1  0  1   1  0   1  1  0  11 13 
Derek Armstrong          0  1  1   1  0   1  3  2  16 18 
Gary Roberts             0  0  0   0  2   4  1  0  1  18 
Joffrey Lupul            0  0  0   0  2   2  0  0  3  16 
Jordan Leopold           0  0  0   1  0   0  0  0  0  17 
Jozef Stumpel            0  0  0   0  0   4  3  0  25 17 
Keith Ballard            0  1  1   1  0   3  0  0  0  25 
Ken Klee                 0  1  1   1  0   1  2  2  0  24 
Kevin Klein              0  1  1   1  2   0  0  0  0  19 
Kurt Sauer               0  1  1   1  2   1  0  0  0  17 
Marek Svatos             0  1  1   1  0   2  0  0  1  18 
Martin Rucinsky          1  0  1   1  2   1  0  0  3  17 
Mike Modano              2  0  2   1  0   3  1  0  20 20 
Mike York                0  0  0   1  2   1  0  0  1  9  
Tyler Arnason            0  1  1   1  0   1  0  0  0  9  
Wojtek Wolski            0  0  0   1  0   1  5  0  1  18 
Oilers
Player Name              G  A  P  +/- PIM S  H  SB FO MP 
-----------------------------------------------------------
Ales Hemsky              0  0  0   0  0   3  1  0  1  17 
Alexei Zhitnik           0  0  0  -2  0   1  0  1  0  23 
Daniel Alfredsson        0  0  0   0  2   2  1  0  0  18 
Daniel Tjarnqvist        0  0  0  -1  0   0  2  2  0  22 
Fernando Pisani          0  0  0   0  0   5  0  0  0  17 
Jaroslav Spacek          0  1  1  -2  0   2  1  0  0  22 
Jarret Stoll             0  0  0   0  2   2  0  1  16 18 
Marty Reasoner           0  0  0  -1  0   1  3  0  10 8  
Matt Greene              0  0  0   0  0   0  1  0  0  17 
Nicklas Lidstrom         0  0  0  -1  0   1  2  1  0  24 
Patrick Thoresen         0  0  0  -1  0   1  3  0  0  7  
Petr Sykora              0  1  1  -2  0   1  1  0  0  18 
Radek Dvorak             0  0  0  -1  2   0  1  0  1  7  
Raffi Torres             0  0  0   0  0   0  2  0  0  15 
Ryan Johnson             0  0  0   0  2   3  0  0  25 19 
Ryan Smyth               1  0  1  -2  0   6  2  1  2  22 
Shawn Horcoff            0  0  0  -2  0   1  2  2  28 20 
Steve Staios             0  0  0   0  0   0  1  0  0  17 

3 Stars

1 - Martin Biron (COL)
2 - Mike Modano (COL)
3 - Brett Mclean (COL)

Power Play

Avalanche - 1 on 4 Attempt(s) - 25.00%
Oilers - 1 on 6 Attempt(s) - 16.67%

Penalty Kill

Avalanche - 5 on 6 Attempt(s) - 83.33% - Score 0 goal in Penalty Kill
Oilers - 3 on 4 Attempt(s) - 75.00% - Score 0 goal in Penalty Kill

Game Notes

No Game Note

Finance

Level 1 -- Attendance: 2884 (57.68%) -- Ticket Income $288,400.00
Level 2 -- Attendance: 3988 (93.84%) -- Ticket Income $179,460.00
Level 3 -- Attendance: 2001 (93.57%) -- Ticket Income $60,030.00
Level 4 -- Attendance: 3312 (82.80%) -- Ticket Income $66,240.00
Luxury Box -- Attendance: 680 (68.01%) -- Ticket Income $136,000.00
Game was played at the Rexall Place
Total Attendance: 12865 (78.50%)
Total Ticket Income: $745,293.50
Other Income: $157,866.60
Total Income: $903,161.00


Play by Play

Period #1

0:01 of 1st period - Jarret Stoll wins face-off versus Jozef Stumpel in neutral zone.
0:42 of 1st period - Shot by Daniel Alfredsson.
0:42 of 1st period - Shot Blocked by Ken Klee.
0:59 of 1st period - Icing by Shawn Horcoff.
1:00 of 1st period - Shawn Horcoff wins face-off versus Mike Modano in Oilers zone.
1:05 of 1st period - Shot by Shawn Horcoff.
1:05 of 1st period - Stopped by Martin Biron without a rebound.
1:06 of 1st period - Ryan Johnson wins face-off versus Derek Armstrong in Avalanche zone.
1:22 of 1st period - Shot by Ales Hemsky.
1:22 of 1st period - Shot Misses the Net.
1:36 of 1st period - Shot by Fernando Pisani.
1:36 of 1st period - Shot Misses the Net.
1:38 of 1st period - Shot by Ryan Johnson.
1:38 of 1st period - Stopped by Martin Biron without a rebound.
1:39 of 1st period - Shawn Horcoff wins face-off versus Mike Modano in Avalanche zone.
1:46 of 1st period - Ryan Smyth is hit by Wojtek Wolski and loses puck.
2:34 of 1st period - Mike York is hit by Ryan Smyth and loses puck.
2:44 of 1st period - Mike York is hit by Petr Sykora and loses puck.
2:50 of 1st period - Icing by Alexei Zhitnik.
2:51 of 1st period - Shawn Horcoff wins face-off versus Derek Armstrong in Oilers zone.
4:07 of 1st period - Shot by Gary Roberts.
4:07 of 1st period - Stopped by Dwayne Roloson without a rebound.
4:08 of 1st period - Ryan Johnson wins face-off versus Mike Modano in Oilers zone.
5:40 of 1st period - Wojtek Wolski is hit by Daniel Tjarnqvist and loses puck.
5:50 of 1st period - Icing by Daniel Tjarnqvist.
5:51 of 1st period - Brett Mclean wins face-off versus Marty Reasoner in Oilers zone.
6:19 of 1st period - Tyler Arnason is hit by Patrick Thoresen and loses puck.
6:21 of 1st period - Minor Penalty to Radek Dvorak for Roughing.
6:22 of 1st period - Derek Armstrong wins face-off versus Jarret Stoll in Oilers zone.
6:23 of 1st period - Shot by Keith Ballard.
6:23 of 1st period - Shot Blocked by Jarret Stoll.
6:25 of 1st period - Shot by Marek Svatos.
6:25 of 1st period - Shot Misses the Net.
6:29 of 1st period - Shot by Gary Roberts.
6:29 of 1st period - Stopped by Dwayne Roloson without a rebound.
6:30 of 1st period - Ryan Johnson wins face-off versus Derek Armstrong in Oilers zone.
6:30 of 1st period - Ryan Smyth is hit by Derek Armstrong and loses puck.
6:39 of 1st period - Shot by Gary Roberts.
6:39 of 1st period - Shot Misses the Net.
6:43 of 1st period - Shot by Marek Svatos.
6:43 of 1st period - Stopped by Dwayne Roloson with a rebound.
6:45 of 1st period - Shot by Marek Svatos.
6:45 of 1st period - Shot Misses the Net.
6:53 of 1st period - Shot by Derek Armstrong.
6:53 of 1st period - Stopped by Dwayne Roloson without a rebound.
6:54 of 1st period - Brett Mclean wins face-off versus Jarret Stoll in Oilers zone.
6:55 of 1st period - Shot by Gary Roberts.
6:55 of 1st period - Shot Misses the Net.
7:09 of 1st period - Shot by Gary Roberts.
7:09 of 1st period - Stopped by Dwayne Roloson without a rebound.
7:10 of 1st period - Ryan Johnson wins face-off versus Jozef Stumpel in Oilers zone.
7:10 of 1st period - Ryan Johnson is hit by Wojtek Wolski.
7:22 of 1st period - Shot by Wojtek Wolski.
7:22 of 1st period - Shot Misses the Net.
8:02 of 1st period - Shot by Mike Modano.
8:02 of 1st period - Shot Misses the Net.
8:04 of 1st period - Shot by Mike Modano.
8:04 of 1st period - Goal by Mike Modano - Avalanche : 1 - Oilers : 0.
8:05 of 1st period - Brett Mclean wins face-off versus Ryan Johnson in neutral zone.
9:15 of 1st period - Minor Penalty to Daniel Alfredsson for Hooking.
9:16 of 1st period - Jozef Stumpel wins face-off versus Jarret Stoll in neutral zone.
10:11 of 1st period - Shot by Mike Modano.
10:11 of 1st period - Stopped by Dwayne Roloson with a rebound.
10:18 of 1st period - Icing by Kurt Sauer.
10:19 of 1st period - Mike Modano wins face-off versus Shawn Horcoff in Avalanche zone.
10:26 of 1st period - Shot by Kurt Sauer.
10:26 of 1st period - Stopped by Dwayne Roloson without a rebound.
10:27 of 1st period - Mike Modano wins face-off versus Jarret Stoll in Oilers zone.
10:30 of 1st period - Shot by Joffrey Lupul.
10:30 of 1st period - Shot Misses the Net.
10:32 of 1st period - Shot by Keith Ballard.
10:32 of 1st period - Stopped by Dwayne Roloson without a rebound.
10:33 of 1st period - Mike Modano wins face-off versus Ryan Smyth in Oilers zone.
10:48 of 1st period - Shot by Keith Ballard.
10:48 of 1st period - Stopped by Dwayne Roloson without a rebound.
10:49 of 1st period - Ryan Johnson wins face-off versus Jozef Stumpel in Oilers zone.
10:49 of 1st period - Ryan Smyth is hit by Ken Klee and loses puck.
11:03 of 1st period - Icing by Wojtek Wolski.
11:04 of 1st period - Jozef Stumpel wins face-off versus Shawn Horcoff in Avalanche zone.
11:10 of 1st period - Shot by Wojtek Wolski.
11:10 of 1st period - Shot Blocked by Daniel Tjarnqvist.
11:12 of 1st period - Shot by Ken Klee.
11:12 of 1st period - Stopped by Dwayne Roloson without a rebound.
11:13 of 1st period - Gary Roberts wins face-off versus Ryan Johnson in Oilers zone.
11:34 of 1st period - Shot by Mike York.
11:34 of 1st period - Stopped by Dwayne Roloson with a rebound.
12:03 of 1st period - Off-side.
12:04 of 1st period - Derek Armstrong wins face-off versus Shawn Horcoff in neutral zone.
12:07 of 1st period - Shot by Martin Rucinsky.
12:07 of 1st period - Goal by Martin Rucinsky - Avalanche : 2 - Oilers : 0.
12:08 of 1st period - Marty Reasoner wins face-off versus Derek Armstrong in neutral zone.
12:30 of 1st period - Derek Armstrong is hit by Radek Dvorak and loses puck.
13:05 of 1st period - Patrick Thoresen is hit by Wojtek Wolski and loses puck.
13:41 of 1st period - Icing by Alexei Zhitnik.
13:42 of 1st period - Shawn Horcoff wins face-off versus Jozef Stumpel in Oilers zone.
15:56 of 1st period - Icing by Kevin Klein.
15:57 of 1st period - Marty Reasoner wins face-off versus Mike Modano in Avalanche zone.
16:08 of 1st period - Shot by Jarret Stoll.
16:08 of 1st period - Stopped by Martin Biron without a rebound.
16:09 of 1st period - Jozef Stumpel wins face-off versus Shawn Horcoff in Avalanche zone.
16:22 of 1st period - Shot by Jozef Stumpel.
16:22 of 1st period - Stopped by Dwayne Roloson without a rebound.
16:23 of 1st period - Brett Mclean wins face-off versus Ryan Johnson in Oilers zone.
16:32 of 1st period - Shot by Ales Hemsky.
16:32 of 1st period - Shot Misses the Net.
16:36 of 1st period - Shot by Fernando Pisani.
16:36 of 1st period - Stopped by Martin Biron without a rebound.
16:37 of 1st period - Mike Modano wins face-off versus Marty Reasoner in Avalanche zone.
17:03 of 1st period - Shot by Brandon Bochenski.
17:03 of 1st period - Shot Misses the Net.
17:07 of 1st period - Shot by Mike Modano.
17:07 of 1st period - Shot Misses the Net.
17:09 of 1st period - Shot by Kurt Sauer.
17:09 of 1st period - Deflect By Mike Modano.
17:09 of 1st period - Goal by Mike Modano - Avalanche : 3 - Oilers : 0.
17:10 of 1st period - Jozef Stumpel wins face-off versus Shawn Horcoff in neutral zone.
17:30 of 1st period - Off-side.
17:31 of 1st period - Marek Svatos wins face-off versus Ryan Johnson in neutral zone.
17:49 of 1st period - Shot by Fernando Pisani.
17:49 of 1st period - Stopped by Martin Biron with a rebound.
17:51 of 1st period - Shot by Matt Greene.
17:51 of 1st period - Shot Misses the Net.
17:53 of 1st period - Shot by Ryan Johnson.
17:53 of 1st period - Stopped by Martin Biron without a rebound.
17:54 of 1st period - Brett Mclean wins face-off versus Shawn Horcoff in Avalanche zone.
17:54 of 1st period - Brett Mclean is hit by Jaroslav Spacek.
18:01 of 1st period - Minor Penalty to Mike York for Tripping.
18:02 of 1st period - Mike Modano wins face-off versus Jarret Stoll in Oilers zone.
19:14 of 1st period - Minor Penalty to Kurt Sauer for Holding.
19:15 of 1st period - Jozef Stumpel wins face-off versus Shawn Horcoff in Avalanche zone.

Period #2

0:01 of 2nd period - Jozef Stumpel wins face-off versus Jarret Stoll in neutral zone.
0:01 of 2nd period - Jozef Stumpel is hit by Nicklas Lidstrom.
0:43 of 2nd period - Shot by Alexei Zhitnik.
0:43 of 2nd period - Stopped by Martin Biron without a rebound.
0:44 of 2nd period - Jozef Stumpel wins face-off versus Shawn Horcoff in Avalanche zone.
1:00 of 2nd period - Shot by Ryan Smyth.
1:00 of 2nd period - Stopped by Martin Biron without a rebound.
1:01 of 2nd period - Jozef Stumpel wins face-off versus Shawn Horcoff in Avalanche zone.
1:07 of 2nd period - Icing by Ryan Smyth.
1:08 of 2nd period - Shawn Horcoff wins face-off versus Mike Modano in Oilers zone.
1:24 of 2nd period - Shot by Marek Svatos.
1:24 of 2nd period - Shot Misses the Net.
1:41 of 2nd period - Icing by Matt Greene.
1:42 of 2nd period - Mike Modano wins face-off versus Ryan Johnson in Oilers zone.
1:57 of 2nd period - Shot by Brandon Bochenski.
1:57 of 2nd period - Stopped by Dwayne Roloson with a rebound.
2:07 of 2nd period - Shot by Wojtek Wolski.
2:07 of 2nd period - Stopped by Dwayne Roloson without a rebound.
2:08 of 2nd period - Jarret Stoll wins face-off versus Jozef Stumpel in Oilers zone.
3:50 of 2nd period - Off-side.
3:51 of 2nd period - Mike Modano wins face-off versus Ryan Johnson in neutral zone.
3:51 of 2nd period - Mike Modano is hit by Ales Hemsky.
4:22 of 2nd period - Minor Penalty to Ryan Johnson for Tripping.
4:23 of 2nd period - Shawn Horcoff wins face-off versus Mike Modano in Oilers zone.
5:40 of 2nd period - Daniel Alfredsson is hit by Gary Roberts and loses puck.
5:45 of 2nd period - Shot by Joffrey Lupul.
5:45 of 2nd period - Shot Misses the Net.
7:15 of 2nd period - Shot by Derek Armstrong.
7:15 of 2nd period - Deflect By Marek Svatos.
7:15 of 2nd period - Stopped by Dwayne Roloson without a rebound.
7:16 of 2nd period - Shawn Horcoff wins face-off versus Mike Modano in Oilers zone.
7:16 of 2nd period - Shawn Horcoff is hit by Brandon Bochenski.
7:39 of 2nd period - Shot by Ryan Smyth.
7:39 of 2nd period - Stopped by Martin Biron without a rebound.
7:40 of 2nd period - Jozef Stumpel wins face-off versus Marty Reasoner in Avalanche zone.
7:42 of 2nd period - Icing by Keith Ballard.
7:43 of 2nd period - Radek Dvorak wins face-off versus Jozef Stumpel in Avalanche zone.
7:58 of 2nd period - Gary Roberts is hit by Daniel Tjarnqvist and loses puck.
8:09 of 2nd period - Shot by Marty Reasoner.
8:09 of 2nd period - Stopped by Martin Biron without a rebound.
8:10 of 2nd period - Derek Armstrong wins face-off versus Shawn Horcoff in Avalanche zone.
8:10 of 2nd period - Derek Armstrong is hit by Shawn Horcoff.
8:30 of 2nd period - Shot by Martin Rucinsky.
8:30 of 2nd period - Shot Misses the Net.
8:31 of 2nd period - Minor Penalty to Martin Rucinsky for Goalie Interference.
8:32 of 2nd period - Jarret Stoll wins face-off versus Jozef Stumpel in Oilers zone.
9:39 of 2nd period - Shot by Joffrey Lupul.
9:39 of 2nd period - Stopped by Dwayne Roloson with a rebound.
10:52 of 2nd period - Shot by Fernando Pisani.
10:52 of 2nd period - Stopped by Martin Biron with a rebound.
10:54 of 2nd period - Shot by Ryan Johnson.
10:54 of 2nd period - Stopped by Martin Biron with a rebound.
10:56 of 2nd period - Shot by Ryan Johnson.
10:56 of 2nd period - Shot Hit the Post.
11:03 of 2nd period - Fernando Pisani is hit by Derek Armstrong and loses puck.
11:11 of 2nd period - Icing by Brett Lebda.
11:12 of 2nd period - Martin Rucinsky wins face-off versus Marty Reasoner in Avalanche zone.
11:12 of 2nd period - Marek Svatos is hit by Marty Reasoner and loses puck.
11:14 of 2nd period - Marek Svatos is hit by Marty Reasoner.
11:37 of 2nd period - Shot by Tyler Arnason.
11:37 of 2nd period - Stopped by Dwayne Roloson without a rebound.
11:38 of 2nd period - Shawn Horcoff wins face-off versus Mike York in Oilers zone.
11:46 of 2nd period - Shawn Horcoff is hit by Brett Mclean and loses puck.
11:59 of 2nd period - Shot by Tyler Arnason.
11:59 of 2nd period - Shot Blocked by Ryan Smyth.
12:01 of 2nd period - Shot by Brett Mclean.
12:01 of 2nd period - Goal by Brett Mclean - Avalanche : 4 - Oilers : 0.
12:02 of 2nd period - Ryan Johnson wins face-off versus Mike Modano in neutral zone.
12:02 of 2nd period - Ryan Johnson is hit by Wojtek Wolski.
12:16 of 2nd period - Shot by Fernando Pisani.
12:16 of 2nd period - Deflect By Ales Hemsky.
12:16 of 2nd period - Stopped by Martin Biron without a rebound.
12:17 of 2nd period - Jozef Stumpel wins face-off versus Marty Reasoner in Avalanche zone.
12:28 of 2nd period - Shot by Joffrey Lupul.
12:28 of 2nd period - Shot Misses the Net.
12:32 of 2nd period - Shot by Joffrey Lupul.
12:32 of 2nd period - Shot Blocked by Nicklas Lidstrom.
12:36 of 2nd period - Shot by Joffrey Lupul.
12:36 of 2nd period - Stopped by Dwayne Roloson without a rebound.
12:37 of 2nd period - Ryan Johnson wins face-off versus Derek Armstrong in Oilers zone.
12:52 of 2nd period - Shot by Derek Armstrong.
12:52 of 2nd period - Deflect By Marek Svatos.
12:52 of 2nd period - Shot Misses the Net.
12:57 of 2nd period - Shot by Brett Lebda.
12:57 of 2nd period - Shot Misses the Net.
13:47 of 2nd period - Shot by Ryan Smyth.
13:47 of 2nd period - Shot Misses the Net.
13:49 of 2nd period - Shot by Ryan Smyth.
13:49 of 2nd period - Deflect By Petr Sykora.
13:49 of 2nd period - Shot Misses the Net.
13:51 of 2nd period - Shot by Jaroslav Spacek.
13:51 of 2nd period - Stopped by Martin Biron without a rebound.
13:52 of 2nd period - Jozef Stumpel wins face-off versus Jarret Stoll in Avalanche zone.
13:58 of 2nd period - Joffrey Lupul is hit by Daniel Alfredsson and loses puck.
14:04 of 2nd period - Icing by Daniel Alfredsson.
14:05 of 2nd period - Jarret Stoll wins face-off versus Brett Mclean in Oilers zone.
15:04 of 2nd period - Shot by Ryan Smyth.
15:04 of 2nd period - Stopped by Martin Biron without a rebound.
15:05 of 2nd period - Derek Armstrong wins face-off versus Ryan Johnson in Avalanche zone.
15:16 of 2nd period - Shot by Martin Rucinsky.
15:16 of 2nd period - Shot Misses the Net.
15:34 of 2nd period - Shot by Fernando Pisani.
15:34 of 2nd period - Stopped by Martin Biron without a rebound.
15:35 of 2nd period - Shawn Horcoff wins face-off versus Mike Modano in Avalanche zone.
15:42 of 2nd period - Shot by Ryan Smyth.
15:42 of 2nd period - Shot Misses the Net.
15:54 of 2nd period - Shot by Mike Modano.
15:54 of 2nd period - Shot Misses the Net.
15:58 of 2nd period - Shot by Wojtek Wolski.
15:58 of 2nd period - Shot Blocked by Alexei Zhitnik.
16:00 of 2nd period - Shot by Kevin Klein.
16:00 of 2nd period - Shot Blocked by Shawn Horcoff.
16:04 of 2nd period - Shot by Wojtek Wolski.
16:04 of 2nd period - Shot Misses the Net.
16:53 of 2nd period - Minor Penalty to Jarret Stoll for Holding.
16:54 of 2nd period - Ryan Johnson wins face-off versus Derek Armstrong in neutral zone.
17:32 of 2nd period - Shot by Keith Ballard.
17:32 of 2nd period - Stopped by Dwayne Roloson without a rebound.
17:33 of 2nd period - Ryan Johnson wins face-off versus Joffrey Lupul in Oilers zone.
17:44 of 2nd period - Shot by Jozef Stumpel.
17:44 of 2nd period - Stopped by Dwayne Roloson without a rebound.
17:45 of 2nd period - Brett Mclean wins face-off versus Ryan Johnson in Oilers zone.
18:11 of 2nd period - Gary Roberts is hit by Shawn Horcoff and loses puck.
18:46 of 2nd period - Shot by Jozef Stumpel.
18:46 of 2nd period - Stopped by Dwayne Roloson without a rebound.
18:47 of 2nd period - Ryan Johnson wins face-off versus Jozef Stumpel in Oilers zone.
18:47 of 2nd period - Ryan Smyth is hit by Jozef Stumpel and loses puck.
18:49 of 2nd period - Ryan Smyth is hit by Wojtek Wolski.
18:56 of 2nd period - Icing by Mike York.
18:57 of 2nd period - Ryan Johnson wins face-off versus Brett Mclean in Avalanche zone.
18:58 of 2nd period - Shot by Fernando Pisani.
18:58 of 2nd period - Shot Misses the Net.
19:00 of 2nd period - Shot by Fernando Pisani.
19:00 of 2nd period - Stopped by Martin Biron without a rebound.
19:01 of 2nd period - Derek Armstrong wins face-off versus Marty Reasoner in Avalanche zone.
19:01 of 2nd period - Martin Rucinsky is hit by Patrick Thoresen and loses puck.
19:05 of 2nd period - Jordan Leopold is hit by Patrick Thoresen and loses puck.
19:13 of 2nd period - Marek Svatos is hit by Nicklas Lidstrom and loses puck.
19:19 of 2nd period - Icing by Nicklas Lidstrom.
19:20 of 2nd period - Brett Mclean wins face-off versus Marty Reasoner in Oilers zone.
19:28 of 2nd period - Tyler Arnason is hit by Marty Reasoner and loses puck.

Period #3

0:01 of 3rd period - Jozef Stumpel wins face-off versus Jarret Stoll in neutral zone.
0:43 of 3rd period - Shot by Joffrey Lupul.
0:43 of 3rd period - Shot Blocked by Daniel Tjarnqvist.
0:45 of 3rd period - Shot by Ken Klee.
0:45 of 3rd period - Deflect By Gary Roberts.
0:45 of 3rd period - Stopped by Dwayne Roloson without a rebound.
0:46 of 3rd period - Shawn Horcoff wins face-off versus Mike Modano in Oilers zone.
0:57 of 3rd period - Shot by Petr Sykora.
0:57 of 3rd period - Stopped by Martin Biron without a rebound.
0:58 of 3rd period - Martin Rucinsky wins face-off versus Ryan Johnson in Avalanche zone.
1:06 of 3rd period - Icing by Ryan Johnson.
1:07 of 3rd period - Ryan Johnson wins face-off versus Mike Modano in Oilers zone.
1:23 of 3rd period - Icing by Ales Hemsky.
1:24 of 3rd period - Derek Armstrong wins face-off versus Ryan Johnson in Oilers zone.
1:41 of 3rd period - Shot by Ales Hemsky.
1:41 of 3rd period - Stopped by Martin Biron without a rebound.
1:42 of 3rd period - Jozef Stumpel wins face-off versus Shawn Horcoff in Avalanche zone.
1:42 of 3rd period - Jozef Stumpel is hit by Ryan Smyth.
1:58 of 3rd period - Alexei Zhitnik is hit by Ken Klee and loses puck.
2:23 of 3rd period - Shot by Joffrey Lupul.
2:23 of 3rd period - Shot Blocked by Shawn Horcoff.
2:25 of 3rd period - Shot by Keith Ballard.
2:25 of 3rd period - Shot Misses the Net.
2:38 of 3rd period - Ryan Smyth is hit by Mike Modano and loses puck.
2:52 of 3rd period - Icing by Alexei Zhitnik.
2:53 of 3rd period - Derek Armstrong wins face-off versus Shawn Horcoff in Oilers zone.
4:08 of 3rd period - Off-side.
4:09 of 3rd period - Jozef Stumpel wins face-off versus Ryan Johnson in neutral zone.
4:32 of 3rd period - Shot by Jozef Stumpel.
4:32 of 3rd period - Stopped by Dwayne Roloson with a rebound.
5:32 of 3rd period - Minor Penalty to Kevin Klein for Hooking.
5:33 of 3rd period - Jarret Stoll wins face-off versus Wojtek Wolski in Oilers zone.
5:49 of 3rd period - Icing by Nicklas Lidstrom.
5:50 of 3rd period - Martin Rucinsky wins face-off versus Jarret Stoll in Oilers zone.
6:05 of 3rd period - Shot by Jarret Stoll.
6:05 of 3rd period - Stopped by Martin Biron without a rebound.
6:06 of 3rd period - Jarret Stoll wins face-off versus Mike Modano in Avalanche zone.
6:09 of 3rd period - Shot by Alexei Zhitnik.
6:09 of 3rd period - Shot Blocked by Ken Klee.
6:32 of 3rd period - Off-side.
6:33 of 3rd period - Shawn Horcoff wins face-off versus Jozef Stumpel in neutral zone.
7:39 of 3rd period - Icing by Kevin Klein.
7:40 of 3rd period - Brandon Bochenski wins face-off versus Ales Hemsky in Avalanche zone.
7:59 of 3rd period - Mike Modano is hit by Steve Staios and loses puck.
8:10 of 3rd period - Shot by Ales Hemsky.
8:10 of 3rd period - Shot Misses the Net.
9:20 of 3rd period - Shot by Petr Sykora.
9:20 of 3rd period - Deflect By Ryan Smyth.
9:20 of 3rd period - Stopped by Martin Biron without a rebound.
9:21 of 3rd period - Shawn Horcoff wins face-off versus Joffrey Lupul in Avalanche zone.
9:25 of 3rd period - Minor Penalty to Gary Roberts for Interference.
9:26 of 3rd period - Ryan Smyth wins face-off versus Joffrey Lupul in Avalanche zone.
9:42 of 3rd period - Ryan Smyth is hit by Derek Armstrong and loses puck.
9:45 of 3rd period - Shot by Jaroslav Spacek.
9:45 of 3rd period - Stopped by Martin Biron with a rebound.
9:47 of 3rd period - Shot by Jaroslav Spacek.
9:47 of 3rd period - Shot Blocked by Derek Armstrong.
9:51 of 3rd period - Shot by Ryan Smyth.
9:51 of 3rd period - Shot Misses the Net.
9:53 of 3rd period - Shot by Ryan Smyth.
9:53 of 3rd period - Goal by Ryan Smyth - Avalanche : 4 - Oilers : 1.
9:54 of 3rd period - Ryan Johnson wins face-off versus Derek Armstrong in neutral zone.
9:57 of 3rd period - Shot by Ales Hemsky.
9:57 of 3rd period - Stopped by Martin Biron with a rebound.
9:59 of 3rd period - Shot by Ales Hemsky.
9:59 of 3rd period - Shot Blocked by Brett Lebda.
10:42 of 3rd period - Martin Rucinsky is hit by Matt Greene and loses puck.
11:14 of 3rd period - Icing by Jozef Stumpel.
11:15 of 3rd period - Jozef Stumpel wins face-off versus Shawn Horcoff in Avalanche zone.
12:38 of 3rd period - Off-side.
12:39 of 3rd period - Marty Reasoner wins face-off versus Brett Mclean in neutral zone.
12:52 of 3rd period - Shot by Marty Reasoner.
12:52 of 3rd period - Shot Misses the Net.
12:54 of 3rd period - Shot by Marty Reasoner.
12:54 of 3rd period - Shot Misses the Net.
12:58 of 3rd period - Shot by Radek Dvorak.
12:58 of 3rd period - Shot Blocked by Derek Armstrong.
13:00 of 3rd period - Shot by Patrick Thoresen.
13:00 of 3rd period - Stopped by Martin Biron without a rebound.
13:01 of 3rd period - Mike Modano wins face-off versus Shawn Horcoff in Avalanche zone.
15:09 of 3rd period - Icing by Ken Klee.
15:10 of 3rd period - Shawn Horcoff wins face-off versus Brett Mclean in Avalanche zone.
15:21 of 3rd period - Shot by Ryan Smyth.
15:21 of 3rd period - Stopped by Martin Biron without a rebound.
15:22 of 3rd period - Ryan Johnson wins face-off versus Derek Armstrong in Avalanche zone.
16:30 of 3rd period - Shot by Petr Sykora.
16:30 of 3rd period - Shot Hit the Post.
16:42 of 3rd period - Shot by Ryan Smyth.
16:42 of 3rd period - Shot Misses the Net.
16:56 of 3rd period - Shot by Brandon Bochenski.
16:56 of 3rd period - Stopped by Dwayne Roloson with a rebound.
17:41 of 3rd period - Mike Modano is hit by Raffi Torres and loses puck.
17:48 of 3rd period - Wojtek Wolski is hit by Raffi Torres and loses puck.
18:17 of 3rd period - Ales Hemsky is hit by Jozef Stumpel and loses puck.
18:22 of 3rd period - Ryan Johnson is hit by Jozef Stumpel and loses puck.
18:26 of 3rd period - Minor Penalty to Joffrey Lupul for Hooking.
18:27 of 3rd period - Derek Armstrong wins face-off versus Shawn Horcoff in Oilers zone.
19:19 of 3rd period - Shot by Daniel Alfredsson.
19:19 of 3rd period - Stopped by Martin Biron with a rebound.
19:21 of 3rd period - Shot by Nicklas Lidstrom.
19:21 of 3rd period - Stopped by Martin Biron with a rebound.
19:23 of 3rd period - Shot by Nicklas Lidstrom.
19:23 of 3rd period - Shot Misses the Net.
19:25 of 3rd period - Shot by Daniel Alfredsson.
19:25 of 3rd period - Stopped by Martin Biron without a rebound.
19:26 of 3rd period - Jozef Stumpel wins face-off versus Jarret Stoll in Avalanche zone.


Output by the SimonT Hockey Simulator (STHS) for Stephane Roy -- Original Page W3C XHTML 1.0 Valid